 Dungeon Crawl Stone Soup version 0.18.1-1-g2f07953 (webtiles) character file.

99867 Quarterback16 the Severer (level 16, -3/220 HPs)
             Began as a Hill Orc Berserker on May 9, 2016.
             Was a High Priest of Trog.
             Slain by a death yak (23 damage)
             ... on level 7 of the Lair of Beasts on May 14, 2016.
             The game lasted 10:03:11 (39800 turns).

Quarterback16 the Severer (Hill Orc Berserker)     Turns: 39800, Time: 10:03:12

Health: -3/220     AC: 30    Str: 35    XL:     16   Next: 26%
Magic:  19/19      EV: 10    Int:  7    God:    Trog [*****.]
Gold:   797        SH:  0    Dex: 10    Spells: 0 memorised, 15 levels left

rFire  . . .     SeeInvis .     q - +0 great mace
rCold  . . .     Gourm    .     y - +4 plate armour
rNeg   . . .     Faith    .     (shield currently unavailable)
rPois  +         Spirit   .     b - +1 helmet
rElec  .         Dismiss  .     (no cloak)
rCorr  .         Reflect  .     K - +1 pair of gloves
SustAt .         Harm     +     t - +2 pair of boots {run}
MR     +....                    J - amulet of harm
Stlth  ..........               E - +3 ring of strength
                                Q - ring of poison resistance

@: berserking, very quick, somewhat resistant to hostile enchantments, extremely
unstealthy
A: shaggy fur 1
a: Berserk, Trog's Hand, Brothers in Arms, Burn Spellbooks, Renounce Religion


You were on level 7 of the Lair of Beasts.
You worshipped Trog.
Trog was extremely pleased with you.
You were not hungry.

You visited 3 branches of the dungeon, and saw 24 of its levels.

You collected 2420 gold pieces.
You spent 1623 gold pieces at shops.

Inventory:

Hand Weapons
 g - the +7 executioner's axe of Extremism {antimagic, +Rage rF- MR+ Str+4}
   (Trog gifted it to you on level 10 of the Dungeon)

   It disrupts the flow of magical energy around spellcasters and certain
   magical creatures (including the wielder).
   It affects your strength (+4).
   It makes you vulnerable to fire.
   It affects your resistance to hostile enchantments.
   It lets you go berserk.
 q - a +0 great mace (weapon)
Missiles
 N - 3 javelins of penetration (quivered)
 O - 2 silver javelins
 S - 2 poisoned javelins
 T - 7 steel javelins
Armour
 b - a +1 helmet (worn)
 t - a +2 pair of boots of running (worn)
 y - a +4 plate armour (worn)
 K - a +1 pair of gloves (worn)
Rods
 h - a +2 lightning rod (14/14)
   (You took it off a deep elf mage on level 13 of the Dungeon)
Jewellery
 f - an uncursed ring of positive energy {unknown}
 A - an uncursed amulet of the gourmand {unknown}
 E - a +3 ring of strength (right hand)
 J - an amulet of harm (around neck)
 Q - a ring of poison resistance (left hand)
 R - a cursed amulet of inaccuracy {unknown}
 W - an uncursed ring of magical power {unknown}
Wands
 i - a wand of teleportation (6/9)
 k - a wand of confusion (20/48)
 s - a wand of lightning (10/15)
 B - a wand of disintegration (13/24)
 D - a wand of polymorph (24/24)
 F - a wand of iceblast (8/15)
 I - a wand of flame (11/48)
 M - a wand of iceblast (4/15)
 P - a wand of slowing (18/48)
 V - a wand of polymorph (18/24)
 Y - a wand of iceblast (8/15)
Scrolls
 m - a scroll of blinking
 v - 3 scrolls of fog
 w - 2 scrolls of magic mapping
 C - 5 scrolls of remove curse
 U - 3 scrolls of teleportation
Potions
 d - a potion of invisibility
 e - a potion of heal wounds
 j - a potion of might
 l - 2 potions of ambrosia
 n - 2 potions of flight
 o - 3 potions of cure mutation
 p - 3 potions of agility
 r - 3 potions of haste
 x - a potion of lignification {unknown}
 z - 4 potions of cancellation {unknown}
 G - 2 potions of berserk rage
 Z - 8 potions of curing
Miscellaneous
 u - a phantom mirror
 H - a plain deck of wonders {Dowsing, drawn: 1}
 X - a plain deck of destruction {Vitriol}
Comestibles
 a - 11 slices of pizza
 c - 8 bread rations
 L - 10 fruits


   Skills:
 + Level 14.4 Fighting
 + Level 17.5(17.6) Axes
 + Level 2.9(10.5) Maces & Flails
   Level 2.5 Bows
 + Level 13.9 Throwing
 + Level 14.0 Armour
 + Level 4.9 Dodging
 + Level 2.7 Stealth
 + Level 4.6 Evocations


You had 15 spell levels left.
You didn't know any spells.

Dungeon Overview and Level Annotations

Branches:
Dungeon (14/15)            Temple (0/1) D:4            Lair (8/8) D:10
 Shoals (0/4) Lair:3       Spider (0/4) Lair:4        Slime (0/6) Lair:6
    Orc (2/2) D:11            Elf (0/3) Orc:2        Vaults (0/5) D:13

Altars:
Dithmenos
Elyvilon
Fedhas
Gozag
Makhleb
Nemelex Xobeh
Okawaru
Pakellas
Ru
Sif Muna
Vehumet
Xom
Zin
The Shining One
Beogh

Shops:
D:9 =   Orc:2 %*?*

Annotations:
D:14 Kirke


Innate Abilities, Weirdness & Mutations

You are covered in fur (AC +1).


Message History

Unknown command.
You bludgeon the death yak!!
You kill the death yak!
Trog accepts your kill. The death yak closely misses you.
The death yak barely misses you.
You sock the death yak!
The death yak is lightly wounded.
The death yak gores you but does no damage. x2
You barely miss the death yak.
The death yak is lightly wounded.
The death yak closely misses you. The death yak barely misses you.
You barely miss the death yak.
The death yak is lightly wounded.
The death yak gores you!
* * * LOW HITPOINT WARNING * * *
The death yak gores you but does no damage.
You barely miss the death yak.
The death yak is lightly wounded.
The death yak gores you!!
You die...

.[............#.#.....###.....†##
.<............#......####.....#.#
....................#..P####.....
.......P.....P...........#####...
..............#...........###P...
........b..#...............###...
...........###..Y..........###...
...........###.Y.........P###....
..........###..†@.........?##....
...........##...Y...b....###.....
..........#...............##.....
..........#..............##......
.........................##......
..).......P#.....................
/.P.....####.............#.......
P.P....## #............###......


PPPPP.## ##...........#. #...... You could see 3 death yaks.

Vanquished Creatures
  Rupert (Lair:6)
  A stone giant (Orc:2)
  Fannar (Lair:1)
  10 hydras
  3 centaur warriors
  Erica (D:12)
  2 ogre magi
  8 death yaks
  A tengu warrior (D:13)
  Urug (D:12)
  Sonja (Lair:2)
  Nergalle (D:10)
  A fire crab (Lair:8)
  2 unseen horrors
  A flayed ghost (D:10)
  6 hill giants
  2 wizards (D:13)
  2 lindwurms
  A necromancer (Lair:2)
  7 orc sorcerers
  An orb spider (Lair:4)
  An orc knight (D:12)
  2 ugly things (D:12)
  4 cyclopes
  A deep elf mage (D:13)
  3 griffons
  23 elephants
  6 black mambas
  Maurice (D:13)
  2 sirens (Lair:3)
  A gargoyle (D:13)
  20 spiny frogs
  4 rime drakes
  16 komodo dragons
  2 merfolk (Lair:3)
  5 trolls
  2 polar bears (Lair:8)
  33 blink frogs
  A slime creature (D:12)
  A two-headed ogre (D:12)
  6 wraiths
  A vampire (D:12)
  4 wyverns
  57 yaks
  A fire bat (D:10)
  A human (D:7)
  A steam dragon (Lair:4)
  16 hippogriffs
  3 fire elementals (D:13)
  A mottled dragon (D:12)
  4 wargs
  13 water moccasins
  4 porcupines
  Purgy (D:4)
  3 ice beasts
  A necrophage (D:5)
  18 orc warriors
  2 sky beasts
  A wasp (D:11)
  7 ogres
  2 black bears
  2 phantoms
  28 wolves
  6 centaurs
  20 crocodiles
  20 giant frogs
  2 big kobolds
  2 wyvern skeletons (D:8)
  3 scorpions
  18 killer bees
  16 wights
  8 howler monkeys
  8 crimson imps
  3 jellies
  2 centaur zombies
  A giant frog zombie (D:11)
  4 quasits
  3 centaur skeletons
  11 hounds
  16 orc priests
  39 orc wizards
  3 giant frog skeletons
  A gnoll shaman (D:8)
  2 iguanas
  11 worker ants
  2 polar bear simulacra (Lair:2)
  3 wolf simulacra (Lair:2)
  6 sheep
  A centaur simulacrum (D:12)
  3 hound skeletons
  A howler monkey zombie (D:10)
  12 gnolls
  20 adders
  43 river rats
  5 shadow imps
  An adder skeleton (D:4)
  2 worms
  A dart slug (D:1)
  5 giant geckos
  75 orcs
  18 bats
  9 giant cockroaches
  14 hobgoblins
  10 jackals
  6 quokkas
  8 ball pythons
  A giant gecko skeleton (D:8)
  8 giant newts
  14 goblins
  2 goblin skeletons (D:4)
  2 goblin zombies (D:4)
  3 hobgoblin zombies (D:4)
  24 kobolds
  2 kobold skeletons (D:4)
  An orc skeleton (D:4)
  An orc zombie (D:4)
  9 rats
  6 river rat simulacra (Lair:2)
  13 fungi
  10 plants
899 creatures vanquished.

Vanquished Creatures (collateral kills)
  4 death yaks
  A hill giant (D:13)
  An ugly thing (D:13)
  A cyclops (D:13)
  Joseph (D:12)
  2 two-headed ogres (D:13)
  A basilisk (Lair:5)
  Eustachio (D:6)
  A wyvern (Lair:4)
  A fire elemental (D:13)
  An orc warrior (Orc:2)
  A sky beast (D:8)
  2 ogres
  A giant frog (D:8)
  2 killer bees (D:13)
  A howler monkey (D:6)
  2 orc priests
  2 hounds (D:6)
  A giant frog skeleton (D:6)
  An iguana (D:12)
  2 orc wizards
  A river rat (Lair:2)
  An adder (D:6)
  14 orcs
  A giant cockroach (D:6)
  A quokka (D:6)
  A giant newt (D:6)
49 creatures vanquished.

Vanquished Creatures (others)
  2 orc warriors (D:7)
  A phantom (D:7)
  A sky beast (D:7)
  An orc priest (D:7)
  2 iguanas (D:7)
  A jackal (D:10)
  A quokka (D:7)
  44 fungi
  23 plants
76 creatures vanquished.

Grand Total: 1024 creatures vanquished

Notes
Turn   | Place    | Note
--------------------------------------------------------------
     0 | D:1      | Quarterback16 the Hill Orc Berserker began the quest for the Orb.
     0 | D:1      | Reached XP level 1. HP: 19/19 MP: 1/1
   636 | D:1      | Reached XP level 2. HP: 23/27 MP: 2/2
  1822 | D:2      | Reached ** piety under Trog
  1977 | D:2      | Reached XP level 3. HP: 33/33 MP: 3/3
  2185 | D:2      | Found a deep blue altar of Sif Muna.
  2185 | D:2      | Found a shimmering altar of Xom.
  2191 | D:2      | Found a shadowy altar of Dithmenos.
  2194 | D:2      | Found a white marble altar of Elyvilon.
  2196 | D:2      | Found an opulent altar of Gozag.
  2574 | D:2      | Found an oddly glowing altar of Pakellas.
  3069 | D:2      | Found a glowing silver altar of Zin.
  3280 | D:3      | Reached XP level 4. HP: 37/41 MP: 4/4
  4034 | D:3      | Reached skill level 5 in Axes
  4051 | D:3      | Reached *** piety under Trog
  4162 | D:3      | Identified a +1 pair of boots of running (You found it on level 3 of the Dungeon)
  4216 | D:3      | Reached XP level 5. HP: 47/47 MP: 5/5
  4373 | D:4      | Found an iron altar of Okawaru.
  4373 | D:4      | Noticed a phantom
  4399 | D:4      | Killed a phantom
  4399 | D:4      | Reached skill level 5 in Fighting
  4399 | D:4      | Reached skill level 1 in Throwing
  4399 | D:4      | Reached skill level 1 in Stealth
  4578 | D:4      | Noticed Purgy
  4594 | D:4      | Killed Purgy
  4594 | D:4      | Reached XP level 6. HP: 56/56 MP: 6/6
  4825 | D:4      | Found a staircase to the Ecumenical Temple.
  4883 | D:4      | Found a burning altar of Makhleb.
  4885 | D:4      | Noticed a balrug
  4911 | D:4      | Found a radiant altar of Vehumet.
  5250 | D:4      | Found a glowing golden altar of the Shining One.
  5574 | D:4      | Reached XP level 7. HP: 61/61 MP: 7/7
  5873 | D:4      | Found a sacrificial altar of Ru.
  6395 | D:5      | Entered Level 5 of the Dungeon
  6516 | D:5      | Reached skill level 6 in Axes
  6706 | D:5      | Reached **** piety under Trog
  6736 | D:5      | Received a gift from Trog
  7361 | D:5      | Reached skill level 5 in Armour
  7782 | D:5      | Reached skill level 7 in Axes
  7782 | D:5      | Reached XP level 8. HP: 52/70 MP: 8/8
  8477 | D:6      | Received a gift from Trog
  8478 | D:6      | Noticed Eustachio
  8489 | D:6      | Killed Eustachio
  8489 | D:6      | Reached skill level 8 in Axes
  9169 | D:6      | Reached XP level 9. HP: 77/78 MP: 9/9
  9204 | D:7      | Reached skill level 1 in Evocations
  9599 | D:7      | Reached skill level 9 in Axes
 10003 | D:7      | Found a shimmering altar of Xom.
 10263 | D:7      | Reached ***** piety under Trog
 10527 | D:7      | Found a glowing silver altar of Zin.
 10915 | D:8      | Found a blossoming altar of Fedhas.
 11067 | D:8      | Reached skill level 10 in Axes
 11415 | D:8      | Reached XP level 10. HP: 76/88 MP: 10/10
 12038 | D:8      | Reached skill level 5 in Throwing
 12509 | D:9      | Found Fucw's Jewellery Boutique.
 12526 | D:9      | Bought a +3 ring of strength for 172 gold pieces
 12526 | D:9      | Bought an uncursed ring of fire for 275 gold pieces
 12731 | D:9      | Identified a scroll of acquirement
 12804 | D:9      | Noticed a seven-headed hydra
 12818 | D:10     | Entered Level 10 of the Dungeon
 13628 | D:9      | Found a sparkling altar of Nemelex Xobeh.
 13703 | D:10     | Reached skill level 11 in Axes
 14342 | D:10     | Noticed Nergalle
 14680 | D:10     | Reached XP level 11. HP: 80/97 MP: 12/12
 14961 | D:10     | Killed Nergalle
 15327 | D:10     | Received a gift from Trog
 15614 | D:10     | Killed a seven-headed hydra
 15614 | D:10     | Reached skill level 12 in Axes
 15881 | D:10     | Found a staircase to the Lair.
 16076 | D:10     | Killed an unseen horror
 16076 | D:10     | Received a gift from Trog
 16076 | D:10     | Reached skill level 10 in Fighting
 16076 | D:10     | Reached skill level 10 in Armour
 16295 | D:10     | Got an iridescent executioner's axe {god gift}
 16296 | D:10     | Identified the +7 executioner's axe of Extremism {antimagic, +Rage rF- MR+ Str+4} (Trog gifted it to you on level 10 of the Dungeon)
 16321 | D:10     | Found a blossoming altar of Fedhas.
 16354 | D:10     | Found a shadowy altar of Dithmenos.
 16392 | D:10     | Found a glowing golden altar of the Shining One.
 16398 | D:10     | Found a runed door.
 16400 | D:10     | Noticed a hill giant
 16407 | D:10     | Killed a hill giant
 16571 | D:10     | Noticed a flayed ghost
 16588 | D:10     | Killed a flayed ghost
 16826 | D:10     | Found an oddly glowing altar of Pakellas.
 16830 | D:10     | Found a burning altar of Makhleb.
 16856 | D:10     | Found a glowing silver altar of Zin.
 17002 | D:11     | Noticed a hill giant
 17008 | D:11     | Killed a hill giant
 17140 | D:11     | Noticed a centaur warrior
 17140 | D:11     | Noticed an eight-headed hydra
 17152 | D:11     | Killed an eight-headed hydra
 17154 | D:11     | Gained mutation: You are covered in fur (AC +1). [helix card]
 17681 | D:11     | Found a staircase to the Orcish Mines.
 17763 | D:11     | Noticed a hill giant
 17769 | D:11     | Killed a centaur warrior
 17769 | D:11     | Reached XP level 12. HP: 90/108 MP: 4/14
 18210 | D:11     | Noticed a five-headed hydra
 18219 | D:11     | Killed a five-headed hydra
 18484 | D:11     | Reached skill level 13 in Axes
 18993 | D:11     | Reached skill level 1 in Bows
 19785 | Orc:1    | Entered Level 1 of the Orcish Mines
 20107 | Orc:1    | Found a roughly hewn altar of Beogh.
 20404 | Orc:2    | Entered Level 2 of the Orcish Mines
 20423 | Orc:2    | Noticed a stone giant
 20815 | Orc:2    | Found a staircase to the Elven Halls.
 20925 | Orc:2    | Killed a stone giant
 21281 | Orc:2    | Reached skill level 14 in Axes
 22337 | Orc:2    | Reached XP level 13. HP: 117/117 MP: 6/16
 22914 | Orc:2    | Received a gift from Trog
 23567 | Orc:2    | Received a gift from Trog
 23888 | Orc:2    | Found Goigiych's Magic Scroll Boutique.
 23888 | Orc:2    | Found Guukh's Food Shop.
 23888 | Orc:2    | Found Uretakh's General Store.
 23892 | Orc:2    | Found Erhag's General Store.
 23904 | Orc:2    | Bought a beef jerky for 21 gold pieces
 23905 | Orc:2    | Bought a plain deck of destruction for 210 gold pieces
 23905 | Orc:2    | Bought a scroll of identify for 30 gold pieces
 23905 | Orc:2    | Bought a scroll of enchant weapon for 112 gold pieces
 23905 | Orc:2    | Bought a scroll of identify for 30 gold pieces
 23906 | Orc:2    | Bought a potion of curing for 42 gold pieces
 23906 | Orc:2    | Bought a scroll of teleportation for 42 gold pieces
 23906 | Orc:2    | Bought a wand of lightning (6/15) for 140 gold pieces
 23906 | Orc:2    | Bought a scroll of blinking for 105 gold pieces
 23906 | Orc:2    | Bought a meat ration for 70 gold pieces
 23906 | Orc:2    | Bought a scroll of enchant armour for 105 gold pieces
 23907 | Orc:2    | Bought a scroll of magic mapping for 52 gold pieces
 23907 | Orc:2    | Bought a scroll of identify for 30 gold pieces
 23907 | Orc:2    | Bought a scroll of remove curse for 45 gold pieces
 23907 | Orc:2    | Bought a scroll of enchant weapon for 112 gold pieces
 23907 | Orc:2    | Bought a scroll of identify for 30 gold pieces
 24292 | D:12     | Noticed Urug
 24297 | D:12     | Noticed Joseph
 24304 | D:12     | Killed Urug
 24309 | D:12     | Killed Joseph
 24315 | D:12     | Noticed Erica
 24329 | D:12     | Killed Erica
 24883 | D:12     | Reached skill level 10 in Throwing
 25597 | D:13     | Reached skill level 15 in Axes
 25653 | D:13     | Noticed an ogre mage
 25659 | D:13     | Killed an ogre mage
 25901 | D:13     | Found a gate to the Vaults.
 25923 | D:13     | Received a gift from Trog
 26727 | D:13     | Noticed Maurice
 26815 | D:13     | Reached XP level 14. HP: 99/127 MP: 5/17
 27176 | D:13     | Received a gift from Trog
 27254 | D:14     | Noticed Kirke
 27390 | D:13     | Killed Maurice
 27522 | D:13     | Received a gift from Trog
 27966 | Lair:1   | Entered Level 1 of the Lair of Beasts
 28015 | Lair:1   | Received a gift from Trog
 28435 | Lair:1   | Noticed Fannar
 28447 | Lair:1   | Killed Fannar
 28695 | Lair:1   | Received a gift from Trog
 29033 | Lair:2   | Found a blossoming altar of Fedhas.
 29626 | Lair:2   | Noticed Sonja
 29640 | Lair:2   | Killed Sonja
 30250 | Lair:3   | Found a staircase to the Shoals.
 30985 | Lair:3   | Received a gift from Trog
 31041 | Lair:3   | Reached skill level 16 in Axes
 31898 | Lair:4   | Received a gift from Trog
 32838 | Lair:4   | Found a hole to the Spider Nest.
 33351 | Lair:4   | Reached XP level 15. HP: 136/136 MP: 6/18
 35293 | Lair:6   | Noticed Rupert
 35302 | Lair:6   | Killed Rupert
 35581 | Lair:6   | Received a gift from Trog
 35670 | Lair:6   | Found a staircase to the Slime Pits.
 36025 | Lair:7   | Received a gift from Trog
 36369 | Lair:8   | Entered Level 8 of the Lair of Beasts
 36728 | Lair:7   | Reached skill level 17 in Axes
 37173 | Lair:6   | Reached skill level 1 in Maces & Flails
 38629 | Lair:8   | Received a gift from Trog
 38765 | Lair:8   | Reached XP level 16. HP: 134/146 MP: 6/19
 39800 | Lair:7   | Slain by a death yak

Skill      XL: |  1  2  3  4  5  6  7  8  9 10 11 12 13 14 15 16 |
---------------+-------------------------------------------------+-----
Fighting       | 4 5 6 7 9 10 11 12 13 14 | 14.4
Dodging        | 2 3 4 |  4.9
Axes           | 5 7 8 10 11 12 14 15 16 17 | 17.5
Throwing       | 1 2 3 4 5 7 9 10 12 13 | 13.9
Armour         | 3 4 5 6 8 9 10 11 12 13 14 | 14.0
Stealth        | 1 2 |  2.7
Evocations     | 1 2 3 4 |  4.6
Bows           | 1 2 |  2.5
Maces & Flails | 2 |  2.9

Action                   |  1- 3 |  4- 6 |  7- 9 | 10-12 | 13-15 | 16-18 || total
-------------------------+-------+-------+-------+-------+-------+-------++-------
Melee: Hand axe          |   103 |   205 |   336 |       |       |       ||   644
       Battleaxe         |       |       |   216 |   235 |       |       ||   451
       Executioner's axe |       |       |       |   152 |   529 |    31 ||   712
       Club              |       |       |       |     9 |     7 |       ||    16
       Great mace        |       |       |       |       |    42 |    32 ||    74
 Fire: Blowgun           |       |    18 |    51 |    38 |       |       ||   107
       Shortbow          |       |       |     3 |     6 |    27 |       ||    36
Throw: Tomahawk          |     3 |       |     8 |   145 |   174 |       ||   330
       Stone             |    21 |    46 |    81 |    42 |    51 |       ||   241
       Javelin           |       |       |       |    35 |   417 |    39 ||   491
Invok: Trog's Hand       |       |     2 |     4 |    10 |     8 |       ||    24
       Berserk           |       |     1 |     4 |     8 |    12 |     2 ||    27
       Burn Spellbooks   |       |       |     2 |       |     4 |     1 ||     7
       Brothers in Arms  |       |       |     2 |     5 |    10 |       ||    17
Evoke: Wand              |       |       |     7 |    32 |    15 |    11 ||    65
       Deck              |       |       |       |     1 |       |       ||     1
       Phantom mirror    |       |       |       |       |     1 |       ||     1
  Use: Scroll            |    11 |     8 |    11 |    18 |    26 |     1 ||    75
       Potion            |       |       |       |     7 |     4 |       ||    11
  Eat: Chunk             |     7 |     4 |    18 |    24 |    28 |     3 ||    84
       Meat ration       |       |     1 |       |     3 |     3 |       ||     7
       Bread ration      |       |       |     1 |       |     3 |       ||     4
       Beef jerky        |       |       |       |     4 |     3 |       ||     7
       Fruit             |       |       |       |     2 |     3 |       ||     5
Armor: Animal skin       |    17 |       |       |       |       |       ||    17
       Ring mail         |    20 |       |       |       |       |       ||    20
       Chain mail        |    14 |   136 |    61 |       |       |       ||   211
       Plate armour      |       |       |   382 |   460 |   582 |    73 ||  1497
Dodge: Dodged            |    77 |    88 |   260 |   236 |   379 |    47 ||  1087
